 Dungeon Crawl Stone Soup version 0.18-a0-27-g1f73fa3 (webtiles) character file.

10983 ReteAZ the Severer (level 12, -6/92 HPs)
             Began as a Human Fighter on Nov 4, 2015.
             Was an Elder of Okawaru.
             Mangled by an ice devil (7 damage)
             ... in an ice cave.
             The game lasted 01:02:48 (15292 turns).

ReteAZ the Severer (Human Fighter)                 Turns: 15292, Time: 01:02:48

Health: -6/92      AC: 21    Str: 20    XL:     12   Next: 2%
Magic:  10/12      EV: 17    Int:  9    God:    Okawaru [****..]
Gold:   344        SH:  0    Dex: 16    Spells: 0 memorised, 11 levels left

rFire  + . .     SeeInvis +     L - +3 battleaxe
rCold  . . .     Clarity  .     v - +3 ring mail {rF+}
rNeg   . . .     SustAt   .     (shield currently unavailable)
rPois  +         Gourm    .     J - +0 helmet
rElec  .         Spirit   .     Q - +2 cloak
rCorr  +         Warding  .     z - +1 pair of gloves
rMut   .         Stasis   .     F - +0 pair of boots
MR     .....                    u - amulet of resist corrosion
Stlth  +++.......               f - +2 ring of protection
                                P - +3 ring of evasion

@: short of breath, heroism, not resistant to hostile enchantments, fairly
stealthy
A: talons 1, thin skeletal structure 1, see invisible, breathe flames 2, poison
resistance, wild magic 1, evolution 1
a: Heroism, Renounce Religion, Breathe Fire


You were in an ice cave.
You worshipped Okawaru.
Okawaru was greatly pleased with you.
You were not hungry.

You visited 2 branches of the dungeon, and saw 12 of its levels.
You also visited: Ice Cave.

You collected 536 gold pieces.
You spent 192 gold pieces at shops.

Inventory:

Hand Weapons
 a - a +0 war axe
 n - a +1 war axe
 r - a +0 mace of holy wrath
 x - a -3 hand axe
 H - a +0 battleaxe
 I - a cursed +3 hand axe
 L - a +3 battleaxe (weapon)
Missiles
 C - 3 steel javelins (quivered)
Armour
 b - a +0 scale mail
 c - a +0 shield
 g - a +0 cloak
 v - a +3 ring mail of fire resistance (worn)
 z - a +1 pair of gloves (worn)
 D - a +0 plate armour
 E - a +3 leather armour of poison resistance
 F - a +0 pair of boots (worn)
 J - a +0 helmet (worn)
 Q - a +2 cloak (worn)
 S - a +0 buckler of cold resistance
 U - a +2 buckler of cold resistance
Jewellery
 f - a +2 ring of protection (right hand)
 i - a +4 ring of intelligence
 j - an uncursed ring of protection from fire
 p - an uncursed ring of fire
 q - a +3 ring of strength
 u - an amulet of resist corrosion (around neck)
 y - an uncursed amulet of resist mutation
 M - an uncursed ring of stealth
 N - an uncursed ring of ice
 P - a +3 ring of evasion (left hand)
Wands
 d - a wand of magic darts (25)
 B - a wand of confusion (8)
 G - a wand of flame (27)
 K - a wand of lightning (7)
 O - a wand of fire (0)
 T - a wand of confusion (21)
Scrolls
 m - 4 scrolls of teleportation
 R - a scroll of fog {unknown}
Potions
 s - 4 potions of curing
 t - a potion of cancellation
Books
 A - a book of the Earth

   Spells                             Type                      Level
   a - Leda's Liquefaction            Hexes/Earth                  4
   b - Bolt of Magma                  Conjuration/Fire/Earth       5
   c - Statue Form                    Transmutation/Earth          6
   d - Iron Shot                      Conjuration/Earth            6
   e - Shatter                        Earth                        9
Comestibles
 e - 9 bread rations
 h - 2 slices of pizza
 o - 8 meat rations
 w - 9 beef jerkies


   Skills:
 + Level 7.9(12.9) Fighting
 * Level 15.4(20.4) Axes
 - Level 5.0(10.0) Armour
 - Level 3.0(8.0) Shields


You had 11 spell levels left.
You didn't know any spells.

Dungeon Overview and Level Annotations

Branches:
Dungeon (11/15)            Temple (1/1) D:6
   Lair: D:8-11         Orc: D:9-12

Altars:
Ashenzari
Cheibriados
Dithmenos
Elyvilon
Fedhas
Gozag
Kikubaaqudgha
Makhleb
Nemelex Xobeh
Okawaru
Qazlal
Ru
Sif Muna
Trog
Vehumet
Xom
Yredelemnul
Zin
The Shining One

Shops:
D:6 [   D:10 [*:?*}

Portals:
Trove: D:10 (give 6 scrolls of blinking)


Innate Abilities, Weirdness & Mutations

You have sharp toenails.
You have a somewhat thin skeletal structure (Dex +2, Stealth).
You have supernaturally acute eyesight.
You can breathe fire.
Your system is resistant to poisons.
Your spells are a little harder to cast, but a little more powerful.
You evolve.


Message History

You are engulfed in freezing vapours.
The ice devil completely misses you.
You slash the ice devil!
The ice devil is severely wounded.
You are engulfed in freezing vapours.
The ice devil misses you.
You slash the ice devil!
The ice devil is almost dead.
You are engulfed in freezing vapours.
You completely miss the ice devil.
The ice devil is almost dead.
You are engulfed in freezing vapours.
* * * LOW HITPOINT WARNING * * *
The ice devil hits you.
* * * LOW HITPOINT WARNING * * *
The ice devil freezes you!!
* * * LOW HITPOINT WARNING * * *
Drink which item? (? for menu, Esc to quit)
You feel better.
You are engulfed in freezing vapours.
* * * LOW HITPOINT WARNING * * *
The ice devil hits you!
You die...

....
#..####......## ..#
.......#.......## .
##...§..##§......##
#
##...§.§##.......#
# §§§#...§.......##
# ### #.§###.....##
# ##..§
#§§§§.#..### #
.....§#§§§§.#### ##
#.§§3@§### .#
#§..§§### .#
###.### ## ... #
##( ##


You could see an ice devil.

Vanquished Creatures
  Pikel (D:5)
  2 ice statues (IceCv)
  A komodo dragon (D:11)
  2 trolls
  Blork the orc (D:5)
  4 two-headed ogres
  Grinder (D:5)
  Prince Ribbit (D:9)
  7 blue devils (IceCv)
  Sigmund (D:4)
  Menkaure (D:5)
  Duvessa (D:4)
  2 black bears
  8 ogres
  5 sky beasts
  An eye of draining (D:10)
  A slave (D:5)
  A centaur (D:9)
  3 ice beasts
  2 phantoms
  8 orc warriors
  The ghost of twist the Caller, an amateur TeSu (D:3)
  A big kobold (D:9)
  7 giant frogs
  Dowan (D:4)
  A water moccasin zombie (D:10)
  3 scorpions
  A water moccasin skeleton (D:7)
  8 wights
  5 killer bees
  2 giant frog zombies
  2 centaur zombies
  6 hounds
  A giant frog skeleton (D:5)
  2 crimson imps
  2 jellies
  Crazy Yiuf (D:4)
  2 centaur skeletons (D:10)
  13 orc wizards
  8 orc priests
  3 worker ants
  9 iguanas
  15 adders
  9 gnolls
  3 shadow imps
  6 white imps (IceCv)
  7 ufetubi (IceCv)
  An adder skeleton (D:4)
  4 giant geckos
  44 orcs
  9 giant cockroaches
  5 hobgoblins
  7 kobolds
  4 quokkas
  A ball python (D:4)
  8 bats
  7 giant newts
  6 goblins
  14 jackals
  4 jackal skeletons
  7 rats
294 creatures vanquished.

Vanquished Creatures (others)
  A slave (D:5)
  A giant frog (D:5)
  A crimson imp (D:5)
  A hound zombie (D:5)
  2 white imps (IceCv)
  2 ufetubi (IceCv)
8 creatures vanquished.

Grand Total: 302 creatures vanquished

Notes
Turn   | Place    | Note
--------------------------------------------------------------
     0 | D:1      | ReteAZ the Human Fighter began the quest for the Orb.
     0 | D:1      | Reached XP level 1. HP: 18/18 MP: 1/1
    76 | D:1      | Reached XP level 2. HP: 24/24 MP: 2/2
   409 | D:1      | Reached XP level 3. HP: 29/29 MP: 3/3
   824 | D:2      | Found a shattered altar of Ashenzari.
  1048 | D:2      | Reached skill level 4 in Axes
  1048 | D:2      | Reached XP level 4. HP: 12/35 MP: 4/4
  1049 | D:2      | Gained mutation: Your spells are a little harder to cast, but a little more powerful. [potion of mutation]
  1049 | D:2      | Gained mutation: You have a somewhat thin skeletal structure (Dex +2, Stealth). [potion of mutation]
  1049 | D:2      | Gained mutation: You evolve. [potion of mutation]
  1466 | D:3      | Noticed twist's ghost (amateur TeSu)
  1892 | D:3      | Found an ancient bone altar of Kikubaaqudgha.
  2008 | D:3      | Found a radiant altar of Vehumet.
  2096 | D:3      | Reached XP level 5. HP: 39/41 MP: 5/5
  2198 | D:3      | Killed twist's ghost
  2198 | D:3      | Reached skill level 5 in Axes
  2628 | D:4      | Noticed Duvessa
  2699 | D:4      | Killed Duvessa
  2699 | D:4      | Reached skill level 6 in Axes
  2699 | D:4      | Reached XP level 6. HP: 36/47 MP: 6/6
  2710 | D:4      | Noticed Dowan
  2866 | D:4      | Killed Dowan
  3060 | D:4      | Reached XP level 7. HP: 52/52 MP: 7/7
  3069 | D:4      | Reached skill level 7 in Axes
  3231 | D:4      | Noticed Sigmund
  3366 | D:3      | Gained mutation: You can breathe flames. [evolution]
  3454 | D:4      | Killed Sigmund
  3538 | D:4      | Reached skill level 8 in Axes
  3813 | D:4      | Noticed Crazy Yiuf
  3821 | D:4      | Killed Crazy Yiuf
  3970 | D:5      | Entered Level 5 of the Dungeon
  4024 | D:4      | Reached XP level 8. HP: 40/58 MP: 8/8
  4134 | D:5      | Gained mutation: You can breathe fire. [evolution]
  4219 | D:5      | Noticed Pikel
  4399 | D:5      | Killed Pikel
  4399 | D:5      | Reached skill level 10 in Axes
  4475 | D:5      | Noticed Menkaure
  4493 | D:5      | Killed Menkaure
  4493 | D:5      | Reached XP level 9. HP: 20/63 MP: 9/9
  4675 | D:5      | Noticed Blork the orc
  4692 | D:5      | Killed Blork the orc
  5114 | D:5      | Noticed Grinder
  5124 | D:5      | Paralysed by Grinder for 3 turns
  5136 | D:5      | Paralysed by Grinder for 6 turns
  5144 | D:5      | Killed Grinder
  5144 | D:5      | Reached skill level 11 in Axes
  5447 | D:5      | Found a shadowy altar of Dithmenos.
  5603 | D:6      | Found a staircase to the Ecumenical Temple.
  5621 | Temple   | Entered the Ecumenical Temple
  5825 | Temple   | Became a worshipper of Warmaster Okawaru
  5954 | D:6      | Reached skill level 12 in Axes
  6005 | D:6      | Gained mutation: Your system is resistant to poisons. [evolution]
  6178 | D:6      | Found Xalad's Antique Armour Shop.
  6231 | D:6      | Bought a glowing ring mail for 92 gold pieces
  6459 | D:6      | Found a runed door.
  6461 | D:6      | Found a basalt altar of Yredelemnul.
  6655 | D:6      | Reached * piety under Okawaru
  7355 | D:7      | Reached XP level 10. HP: 62/70 MP: 10/10
  8299 | D:7      | Reached skill level 13 in Axes
  8519 | D:7      | Reached ** piety under Okawaru
  8606 | D:7      | Found a shimmering altar of Xom.
  8940 | D:7      | Found a shimmering altar of Xom.
  8942 | D:7      | Found a shimmering altar of Xom.
  8945 | D:7      | Found a shimmering altar of Xom.
  8947 | D:7      | Found a shimmering altar of Xom.
  9132 | D:7      | Found a white marble altar of Elyvilon.
  9134 | D:7      | Found a glowing golden altar of the Shining One.
  9136 | D:7      | Found a glowing silver altar of Zin.
  9454 | D:8      | Found an opulent altar of Gozag.
  9454 | D:8      | Found a basalt altar of Yredelemnul.
  9857 | D:8      | Found a sparkling altar of Nemelex Xobeh.
 10335 | D:9      | Reached skill level 5 in Armour
 10500 | D:9      | Found a deep blue altar of Sif Muna.
 10618 | D:9      | Reached skill level 5 in Fighting
 10696 | D:9      | Noticed Prince Ribbit
 10732 | D:9      | Killed Prince Ribbit
 10957 | D:9      | Reached *** piety under Okawaru
 11098 | D:9      | Reached XP level 11. HP: 73/80 MP: 11/11
 11797 | D:9      | Reached skill level 14 in Axes
 11884 | D:10     | Entered Level 10 of the Dungeon
 11973 | D:10     | Received a gift from Okawaru
 12111 | D:10     | Found Nix Jawk's Magic Scroll Shop.
 12119 | D:10     | Bought a scroll of remove curse for 30 gold pieces
 12119 | D:10     | Bought a scroll of identify for 20 gold pieces
 12119 | D:10     | Bought a scroll of teleportation for 30 gold pieces
 12119 | D:10     | Bought a scroll of identify for 20 gold pieces
 12204 | D:10     | Found Apycs's Book Boutique.
 12387 | D:10     | Noticed a hill giant
 12683 | D:10     | Found Cocw's Assorted Antiques.
 12702 | D:10     | Found Watyti Asusa's Gadget Boutique.
 12759 | D:10     | Reached **** piety under Okawaru
 12816 | D:10     | Found a portal to a secret trove of treasure.
 13061 | D:10     | Gained mutation: You have sharp toenails. [evolution]
 13272 | D:10     | Found Hotuisot's Serpentskin Sales.
 13370 | D:10     | Found Gijoz's Armour Emporium.
 13635 | D:11     | Found a frozen archway.
 13662 | IceCv    | Entered an ice cave
 13836 | IceCv    | Reached skill level 15 in Axes
 14655 | IceCv    | Gained mutation: You have supernaturally acute eyesight. [evolution]
 15102 | IceCv    | Reached XP level 12. HP: 54/92 MP: 12/12
 15292 | IceCv    | HP: 1/92 [something (9)]
 15292 | IceCv    | Mangled by an ice devil

Vault maps used:
D:1:      ncdulo_wetmaze
D:2:      evilmike_ruin_ashenzari
D:3:      lemuel_crystal_altar, vehumet_crystals, minmay_misc_feat_square,
          corner_web_ring, grunt_decor_mini_mirrors
D:4:      first_bread, uniq_sigmund, uniq_crazy_yiuf_cottage, uniq_duvessa
D:5:      kennysheep_little_box, uniq_blork_the_orc, uniq_menkaure, uniq_pikel,
          uniq_grinder
D:6:      minmay_temple_entry_water_ring, serial_shops, shop,
          dk_yredelemnul_ordeal
D:7:      good_gods_mini_temple, xom_redecorated
D:8:      nemelex_xobeh_ov_fountains_minmay, gammafunk_temple_overflow_elements
D:9:      tgw_sif, uniq_prince_ribbit1
D:10:     serial_shops, shop, nicolae_shop_trees, shop, shop,
          nicolae_shop_crystal, nicolae_trove_entry_crystal, grunt_ogre_cave,
          guppyfry_shop_venom
D:11:     lair_0_dummy, portal_ice_cave_entry_pillars_03
Temple:   temple_island_7
IceCv:    ice_cave_small_demon

Action                   |  1- 3 |  4- 6 |  7- 9 | 10-12 || total
-------------------------+-------+-------+-------+-------++-------
Melee: War axe           |   161 |   129 |   188 |       ||   478
       Unarmed           |       |     6 |       |       ||     6
       Hand axe          |       |       |   201 |   680 ||   881
       Battleaxe         |       |       |       |   213 ||   213
Throw: Throwing net      |       |       |     2 |     2 ||     4
Invok: Heroism           |       |       |       |     4 ||     4
 Abil: Breathe Fire      |       |       |     8 |    73 ||    81
Evoke: Wand              |       |       |       |     6 ||     6
  Use: Potion            |     1 |     4 |     3 |     8 ||    16
       Scroll            |       |     6 |     5 |    12 ||    23
 Stab: Invisible         |       |     2 |       |       ||     2
       Distracted        |       |       |     1 |       ||     1
       Sleeping          |       |       |     1 |       ||     1
  Eat: Chunk             |     1 |     7 |    15 |    29 ||    52
       Fruit             |       |       |       |     3 ||     3
       Bread ration      |       |       |       |     2 ||     2
